 Dungeon Crawl Stone Soup version 0.29.1-15-g9cfb28693d (webtiles) character file.

Game seed: 12675153021954398652

35 MisterFreud the Changer (level 3, -3/28 HPs)
             Began as a Draconian Transmuter on Apr 20, 2023.
             Slain by a gnoll
             ... wielding a +0 spear
              (7 damage)
             ... on level 2 of the Dungeon.
             The game lasted 00:01:51 (1346 turns).

MisterFreud the Changer (Draconian Transmuter)      Turns: 1346, Time: 00:01:51

Health: -3/28      AC:  2    Str: 12    XL:     3   Next: 16%
Magic:  3/6        EV: 19    Int: 15    God:
Gold:   23         SH:  0    Dex: 16    Spells: 0/6 levels left

rFire   . . .      SeeInvis .     - Unarmed
rCold   . . .      Faith    .   (shield currently unavailable)
rNeg    . . .      Spirit   .   (body armour unavailable)
rPois   x          Reflect  .   (helmet currently unavailable)
rElec   .          Harm     .   (cloak currently unavailable)
rCorr   .          Rampage  .   (gloves currently unavailable)
Will    .....                   (boots currently unavailable)
Stlth   +.........              (no amulet)
HPRegen 0.09/turn               (no ring)
MPRegen 0.10/turn               (no ring)

@: spider-form
A: venomous fangs, AC +5, tiny, unfitting armour, (cold-blooded)
a: End Transformation


You were on level 2 of the Dungeon.
You were a venomous arachnid creature.
You visited 1 branch of the dungeon, and saw 2 of its levels.

You collected 47 gold pieces.
You spent 24 gold pieces at shops.

Inventory:

Missiles
 f - a throwing net
 k - 2 boomerangs
Armour
 e - a +0 pair of gloves (melded)
Scrolls
 i - a scroll of enchant weapon {unknown}
 m - 3 scrolls of butterflies
Potions
 a - a potion of lignification
 b - a potion of flight {unknown}
 c - 2 potions of curing
 d - a potion of might {unknown}
 g - a potion of mutation {unknown}
 h - 4 potions of heal wounds
 j - a potion of degeneration {unknown}
 l - a potion of resistance {unknown}


   Skills:
 - Level 1.1 Fighting
 - Level 1.7 Dodging
 - Level 3.0 Unarmed Combat
 - Level 2.0 Spellcasting
 + Level 3.6 Transmutations


You couldn't memorise any spells.
You knew the following spells:

 Your Spells              Type           Power      Damage    Failure   Level
a - Beastly Appendage     Tmut           24%        N/A       14%         1
b - Wereblood             Tmut           12%        N/A       21%         2
c - Spider Form           Tmut/Pois      7%         N/A       52%         3

Your spell library contained the following spells:

 Spells                   Type           Power      Damage    Failure   Level
 Slow                     Hex            4%         N/A       43%         1
 Confusing Touch          Hex            1%         N/A       75%         3
 Vampiric Draining        Necr           1%         2d6       75%         3
 Ice Form                 Ice/Tmut       7%         N/A       87%         4


Dungeon Overview and Level Annotations

Branches:
Dungeon (2/15)

Altars:

Shops:
D:1 *


Innate Abilities, Weirdness & Mutations

You are a venomous arachnid creature.
You have poisonous fangs.
You are tiny and dextrous.
Your spellcasting is less reliable in this form.
Your armour is entirely melded.
You are incapable of wielding weapons or throwing items.
((Your plain brown scales are hard. (AC +5)))
You cannot fit into any form of body armour.
((You are cold-blooded and may be slowed by cold attacks.))


Message History

There is an open door here.
An endoplasm comes into view.
An endoplasm is nearby!
Casting: Beastly Appendage (safe; 4% risk of failure)
Confirm with . or Enter, or press ? or * to list all spells.
You grow a pair of large bovine horns.
Your feet morph into talons.
The endoplasm quivers.
The endoplasm closely misses you.
You hit the endoplasm.
Your tail-slap misses the endoplasm.
The endoplasm is severely wounded.
The endoplasm closely misses you.
An endoplasm is nearby!
You hit the endoplasm.
You kill the endoplasm!
Your transformation is almost over.
Magic restored.
You open the door.
There is an open door here.
No target in view!
The gnoll shouts!
A gnoll is nearby!
Your horns disappear.
Your talons disappear.
The gnoll shouts!
Casting: Beastly Appendage (safe; 4% risk of failure)
Confirm with . or Enter, or press ? or * to list all spells.
The spell is extremely dangerous to miscast (30% risk of failure)!
Continue anyway?
You turn into a venomous arachnid creature.
Your +0 pair of gloves melds into your body.
The gnoll misses you.
The gnoll hits you from afar with a +0 halberd!
The gnoll closely misses you.
You hit the gnoll.
The gnoll is poisoned.
The gnoll is lightly wounded.
The gnoll completely misses you.
The gnoll hits you from afar with a +0 halberd!
* * * LOW HITPOINT WARNING * * *
You hit the gnoll.
The gnoll looks as sick as possible!
The gnoll is severely wounded.
The gnoll hits you with a +0 spear!
You die...

#### #.. #######.#
##########....##.#######
..............'.........
##########....##.#######
### #....##.#.. ..#
#....##s#.# ..#
#....##g#.# ..#
#....##g#.# ##. ..#
#######.#.###g...
..#########...........g.g.
..........................
#########>..####.#.###
.....................#
####.#.####....##..#.#


You could see 2 gnolls.

Vanquished Creatures
  An adder (D:2)
  3 ball pythons
  3 endoplasms
  A goblin (D:2)
  2 hobgoblins (D:1)
  6 jackals (D:1)
  A quokka (D:1)
  4 bats
  2 frilled lizards (D:1)
23 creatures vanquished.

Notes
Turn   | Place    | Note
-------+----------+-------------------------------------------
     0 | D:1      | MisterFreud the Draconian Transmuter began the quest for
                  | the Orb.
     0 | D:1      | Reached XP level 1. HP: 16/16 MP: 3/3
   389 | D:1      | Reached XP level 2. HP: 23/23 MP: 3/5
   556 | D:1      | Found Rocic's General Store.
   561 | D:1      | Found a faded altar of an unknown god.
   562 | D:1      | Bought a scroll of identify for 24 gold pieces
   872 | D:2      | Learned a level 2 spell: Wereblood
  1133 | D:2      | Reached XP level 3. HP: 23/28 MP: 4/6
  1151 | D:1      | Learned a level 3 spell: Spider Form
  1346 | D:2      | Slain by a gnoll

Illustrated notes

Levels and vault maps discovered:
D:1:      eino_arrival_water_star, layout_loops_ring, basic_ecumenical_altar,
          serial_shops, shop_fountains
D:2:      layout_basic, uniq_terence

Skill      XL: |  1  2 |
---------------+-------+-----
Transmutations | 3 |  3.6
Fighting       | |  1.1
Dodging        | |  1.7
Unarmed Combat | |  3.0
Spellcasting   | |  2.0

Action                   || total
-------------------------++-------
Melee: Unarmed           ||    72
       Kick              ||    11
       Headbutt          ||     7
       Tailslap          ||     4
       Punch             ||     1
 Cast: Beastly Appendage ||    13
       Spider Form       ||     1
  Use: Scroll            ||     4
 Stab: Sleeping          ||     2
Armor: Skin              ||    32
Dodge: Dodged            ||    59
